 Dungeon Sprint DCSS version 0.14-a0-1844-g8283a67 (webtiles) character file.

42 Caerthir the Slasher (level 3, -1/29 HPs)
             Began as a Demonspawn Fighter on Jan 13, 2014.
             Was an Initiate of Okawaru.
             Slain by a giant frog (3 damage)
             ... in the Dungeon (Sprint IX: "|||||||||||||||||||||||||||||").
             The game lasted 00:01:29 (377 turns).

Caerthir the Slasher (Demonspawn Fighter)            Turns: 377, Time: 00:01:29

HP  -1/29        AC  8     Str 16      XL: 3   Next: 33%
MP   3/3         EV  6     Int 12      God: Okawaru [......]
Gold 0           SH 17     Dex 13      Spells:  0 memorised,  2 levels left

rFire  . . .     SeeInvis .     o - +2 dwarf cutlass (venom)
rCold  . . .     Clarity  .     b - +0 scale mail
rNeg   . . .     Conserve .     c - +0 shield
rPois  .         rCorr    .     (helmet restricted)
rElec  .         rRot     .     (no cloak)
SustAb . .       Spirit   .     (no gloves)
rMut   .         Warding  .     (no boots)
Saprov . . .     NoTele   +     (no amulet)
                                q - +2 ring of protection
                                p - +3 ring of intelligence

@: not resistant to hostile enchantments, extremely unstealthy
A: horns 1
a: Renounce Religion


You were in the Dungeon.
You worshipped Okawaru.
Okawaru was noncommittal.
You were not hungry.

You visited 1 branch

Inventory:

Hand weapons
 a - a +0,+0 falchion
 o - a +2,+2 dwarven cutlass of venom (weapon)
Armour
 b - a +0 scale mail (worn)
 c - a +0 shield (worn)
Magical devices
 n - a wand of cold (7)
Comestibles
 d - a bread ration
Scrolls
 j - 2 scrolls of blinking
 l - 3 scrolls of remove curse
 m - 2 scrolls of amnesia
Jewellery
 p - a +3 ring of intelligence (left hand)
 q - a +2 ring of protection (right hand)
Potions
 e - 5 potions of curing
 f - 3 potions of heal wounds
 g - a potion of speed
 h - 4 potions of magic
 i - a potion of berserk rage
 k - a potion of invisibility


   Skills:
 - Level 3.0 Fighting
 + Level 6.3 Long Blades
 - Level 2.6 Armour
 - Level 2.6 Shields


You had 2 spell levels left.
You didn't know any spells.

Dungeon Overview and Level Annotations

Branches:
Dungeon (1/1)

Altars:
Ashenzari
Cheibriados
Elyvilon
Fedhas
Kikubaaqudgha
Makhleb
Nemelex Xobeh
Okawaru
Sif Muna
Trog
Vehumet
Xom
Yredelemnul
Zin
the Shining One


Innate Abilities, Weirdness & Mutations

You have a pair of small horns on your head.


Message History

The giant frog hits you.
* * * LOW HITPOINT WARNING * * *
The giant frog hits you but does no damage.
You are too injured to fight recklessly!
You are too injured to fight recklessly!
You are too injured to fight recklessly!
You are too injured to fight recklessly!
You are too injured to fight recklessly!
You are too injured to fight recklessly!
You hit the giant frog.
The giant frog is poisoned.
The giant frog is almost dead.
The giant frog hits you.
* * * LOW HITPOINT WARNING * * *
You block the giant frog's attack.
You miss the giant frog.
The giant frog is almost dead.
The giant frog hits you.
* * * LOW HITPOINT WARNING * * *
The giant frog hits you.
You die...

▓.▓
▓.▓
▓.▓
▓.▓
▓S▓
▓o▓
▓b▓
▓F▓
▓@▓
▓[▓
▓[▓
▓[▓
▓)▓
▓)▓
▓.▓
▓.▓
▓'▓


You could see an orc warrior, a giant frog, an adder and a bat.

Vanquished Creatures
  An orc wizard (D)
  A worm (D)
  A giant gecko (D)
  A bat (D)
  2 giant cockroaches (D)
  2 goblins (D)
  2 hobgoblins (D)
  A rat (D)
11 creatures vanquished.

Notes
Turn   | Place    | Note
--------------------------------------------------------------
     0 | D        | Caerthir, the Demonspawn Fighter, began the quest for the Orb.
     0 | D        | Reached XP level 1. HP: 18/18 MP: 1/1
    36 | D        | Reached skill level 4 in Long Blades
    36 | D        | Gained mutation: You have a pair of small horns on your head. [demonic ancestry]
    36 | D        | Reached XP level 2. HP: 18/24 MP: 2/2
    55 | D        | Reached skill level 5 in Long Blades
   316 | D        | Found a burning altar of Makhleb.
   316 | D        | Found a blossoming altar of Fedhas.
   316 | D        | Found an iron altar of Okawaru.
   316 | D        | Found a snail-covered altar of Cheibriados.
   316 | D        | Found a shattered altar of Ashenzari.
   316 | D        | Found a burning altar of Makhleb.
   316 | D        | Found a blossoming altar of Fedhas.
   317 | D        | Found a glowing golden altar of the Shining One.
   318 | D        | Found a white marble altar of Elyvilon.
   319 | D        | Found a deep blue altar of Sif Muna.
   320 | D        | Found a shimmering altar of Xom.
   321 | D        | Became a worshipper of Warmaster Okawaru
   322 | D        | Found a glowing silver altar of Zin.
   323 | D        | Found an ancient bone altar of Kikubaaqudgha.
   324 | D        | Found a sparkling altar of Nemelex Xobeh.
   325 | D        | Found a basalt altar of Yredelemnul.
   326 | D        | Found a bloodstained altar of Trog.
   327 | D        | Found a radiant altar of Vehumet.
   356 | D        | Noticed an orc warrior
   356 | D        | Noticed a giant frog
   356 | D        | Noticed a crimson imp
   356 | D        | Noticed an orc wizard
   364 | D        | Killed an orc wizard
   364 | D        | Reached skill level 6 in Long Blades
   364 | D        | Reached XP level 3. HP: 21/29 MP: 3/3
   377 | D        | Slain by a giant frog

Action                   || total
-------------------------++-------
Melee: Falchion          ||    37
       Cutlass           ||    13
